 Dungeon Crawl Stone Soup version 0.28.0-53-g5a82cb258f (webtiles) character file.

Game seed: 5039232314609269800

1973 bnorton916 the Thaumaturge (level 9, -5/45 HPs)
             Began as a Deep Elf Fire Elementalist on Aug 9, 2022.
             Asphyxiated
             ... on level 7 of the Dungeon.
             The game lasted 00:11:48 (11195 turns).

bnorton916 the Thaumaturge (DEFE)                  Turns: 11195, Time: 00:11:48

Health: -5/45      AC:  9    Str: 12    XL:     9   Next: 0%
Magic:  29/32      EV: 12    Int: 25    God:
Gold:   468        SH:  0    Dex: 15    Spells: 8/24 levels left

rFire   + . .      SeeInvis .   G - +5 rapier of the Lame Duck {elec, rF+ Str+7}
rCold   . . .      Faith    .   (no shield)
rNeg    . . .      Spirit   .   a - +0 robe
rPois   .          Reflect  .   j - +0 helmet
rElec   .          Harm     .   (no cloak)
rCorr   .          Rampage  .   i - +0 pair of gloves
Will    .....                   A - +0 pair of boots
Stlth   ++........              (no amulet)
HPRegen 0.15/turn               s - ring of magical power
MPRegen 0.23/turn               E - +4 ring of protection

@: lethally poisoned (-5 -> -40), flying, slowed, very slow
A: no striking features
a: no special abilities


You were on level 7 of the Dungeon.
You visited 2 branches of the dungeon, and saw 8 of its levels.

You collected 468 gold pieces.

Inventory:

Hand Weapons
 k - a +0 double sword
 n - a +1 vampiric spear
 D - a +1 dagger of venom
 G - the +5 rapier of the Lame Duck (weapon) {elec, rF+ Str+7}
   (You found it on level 6 of the Dungeon)

   It occasionally discharges a powerful burst of electricity upon striking a
   foe.
   Str:       It affects your strength (+7).
   rF:        It protects you from fire.
 J - a +1 trident of protection
Missiles
 b - 227 stones
 e - 11 poisoned darts
 f - 7 boomerangs
Armour
 a - a +0 robe (worn)
 i - a +0 pair of gloves (worn)
 j - a +0 helmet (worn)
 A - a +0 pair of boots (worn)
Jewellery
 g - a ring of ice
 s - a ring of magical power (left hand)
 w - a +6 ring of strength
 y - an amulet of faith
 E - a +4 ring of protection (right hand)
 L - a ring of fire
Wands
 l - a wand of polymorph (4)
 B - a wand of paralysis (15)
 C - a wand of flame (34)
 I - a wand of acid (12)
 K - a wand of digging (7)
Scrolls
 h - 3 scrolls of fear {unknown}
 o - a scroll of summoning {unknown}
 p - 5 scrolls of teleportation {unknown}
 r - 2 scrolls of blinking {unknown}
 u - a scroll of immolation {unknown}
 v - 7 scrolls of identify {unknown}
 x - a scroll of torment {unknown}
 H - a scroll of brand weapon {unknown}
Potions
 c - 3 potions of attraction {unknown}
 d - 3 potions of curing {unknown}
 m - 3 potions of mutation {unknown}
 q - a potion of ambrosia {unknown}
 t - a potion of cancellation {unknown}
 z - 3 potions of flight
 F - 2 potions of haste {unknown}


   Skills:
 - Level 2.4 Dodging
 - Level 2.4 Stealth
 - Level 8.0 Spellcasting
 - Level 6.2 Conjurations
 - Level 7.1 Fire Magic
 + Level 6.7 Poison Magic


You had 8 spell levels left.
You knew the following spells:

 Your Spells              Type           Power      Damage    Failure   Level
a - Foxfire               Conj/Fire      100%       2x1d9     1%          1
b - Scorch                Fire           90%        2d9       1%          2
c - Conjure Flame         Conj/Fire      43%        6-21      1%          3
d - Poisonous Vapours     Pois/Air       52%        N/A       2%          2
e - Olgreb's Toxic Radia  Pois           43%        N/A       3%          4
f - Flame Wave            Conj/Fire      43%        2d9       3%          4

Your spell library contained the following spells:

 Spells                   Type           Power      Damage    Failure   Level
 Sting                    Tmut/Pois      100%       1d8       1%          1
 Inner Flame              Hex/Fire       27%        N/A       4%          3
 Summon Small Mammal      Summ           40%        N/A       6%          1
 Ensorcelled Hibernation  Hex/Ice        20%        N/A       9%          2
 Passwall                 Tmut/Erth      8%         N/A       9%          2
 Call Canine Familiar     Summ           10%        N/A       19%         3
 Summon Guardian Golem    Hex/Summ       10%        N/A       19%         3
 Swiftness                Air            10%        N/A       19%         3


Dungeon Overview and Level Annotations

Branches:
Dungeon (7/15)             Temple (1/1) D:7

Altars:
Ashenzari
Dithmenos
Elyvilon
Fedhas
Kikubaaqudgha
Makhleb
Nemelex Xobeh
Okawaru
Qazlal
Ru
Sif Muna
Trog
Uskayaw
Wu Jian
Xom
Yredelemnul
Zin
The Shining One

Shops:
D:5 !

Annotations:
D:3 exclusion: oklob plant
D:7 1 runed translucent door, catamaransam's ghost, novice TrHu


Message History

The curare-tipped dart hits you.
You are poisoned.
You have difficulty breathing.
You feel yourself slow down.
You feel very sick.
You feel sick.
The kobold brigand throws a curare-tipped dart.
The curare-tipped dart hits you.
You are more poisoned.
You have difficulty breathing.
You feel as though you will be slow longer.
Casting: Olgreb's Toxic Radiance (dangerous; 3% risk of failure)
Confirm with . or Enter, or press ? or * to list all spells.
You conjure some foxfire!
You feel very sick.
You feel very sick.
The foxfire hits the kobold brigand.
The kobold brigand is severely wounded.
The foxfire hits the kobold brigand!
The kobold brigand is almost dead.
The kobold brigand throws a curare-tipped dart.
The curare-tipped dart hits you.
You are more poisoned.
You have difficulty breathing.
You feel as though you will be slow longer.
The kobold brigand throws a curare-tipped dart.
The curare-tipped dart hits you.
You are lethally poisoned!
You have difficulty breathing.
* * * LOW HITPOINT WARNING * * *
You feel as though you will be slow longer.
It was a potion of flight.
You feel very buoyant.
You fly up into the air.
* * * LOW HITPOINT WARNING * * *
You feel extremely sick.
The kobold brigand throws a curare-tipped dart.
The curare-tipped dart hits you.
You are more poisoned.
You have difficulty breathing.
You die...

#.# ##'## #...# ##...##
#...# ##..K..## ###...
##.......######.##.#
#....§...........#.###
+....§................
#....§.....###...#.#.#
##..§@...#............
##..§..##.......≈≈≈≈≈
##...###.....≈≈≈≈≈≈≈
##'## #...≈≈≈≈≈≈≈≈≈ #.#
#..≈≈≈≈≈≈...≈ #.#
#..≈≈≈≈≈≈.>.≈
#######.#####.≈≈≈≈≈≈...≈
............#.≈≈≈≈≈≈≈≈≈≈
.#.##.....#.#..≈≈≈≈≈≈≈≈≈


You could see a kobold brigand (very poisoned).

Vanquished Creatures
  A wyvern (D:7)
  Eustachio (D:6)
  Edmund (D:6)
  Duvessa (D:6)
  An ice beast (D:7)
  An orc warrior (D:7)
  A centaur (D:7)
  Blork the orc (D:6)
  A gnoll sergeant (D:5)
  A bullfrog (D:7)
  A scorpion (D:5)
  A water moccasin zombie (D:3)
  Dowan (D:6)
  A howler monkey (D:3)
  4 centaur zombies
  6 orc priests
  3 hounds
  A jelly (D:5)
  3 iguanas
  3 orc wizards
  Robin (D:2)
  5 gnolls (D:5)
  5 adders
  A white imp (D:4)
  An ufetubus (D:4)
  A worm (D:4)
  3 dart slugs
  21 orcs
  5 bats
  4 endoplasms
  2 giant cockroaches
  7 hobgoblins
  4 jackals (D:3)
  A quokka (D:5)
  7 ball pythons
  2 frilled lizards
  19 goblins
  6 kobolds
  3 rats
132 creatures vanquished.

Vanquished Creatures (collateral kills)
  8 foxfires (D:3)
8 creatures vanquished.

Vanquished Creatures (others)
  508 foxfires
  A plant (D:3)
509 creatures vanquished.

Grand Total: 649 creatures vanquished

Notes
Turn   | Place    | Note
-------+----------+-------------------------------------------
     0 | D:1      | bnorton916 the Deep Elf Fire Elementalist began the quest
                  | for the Orb.
     0 | D:1      | Reached XP level 1. HP: 10/10 MP: 6/6
   398 | D:1      | Reached XP level 2. HP: 15/15 MP: 6/8
  1574 | D:2      | Reached XP level 3. HP: 19/19 MP: 5/10
  1742 | D:2      | Noticed Robin
  1768 | D:1      | Learned a level 2 spell: Scorch
  1772 | D:1      | Learned a level 3 spell: Conjure Flame
  2500 | D:2      | Reached skill level 4 in Spellcasting
  2832 | D:3      | Learned a level 2 spell: Poisonous Vapours
  2896 | D:2      | Killed Robin
  2897 | D:2      | Reached XP level 4. HP: 24/24 MP: 4/12
  2999 | D:3      | Reached skill level 1 in Poison Magic
  3323 | D:3      | Reached XP level 5. HP: 28/28 MP: 10/13
  3712 | D:3      | Found a blossoming altar of Fedhas.
  3733 | D:3      | Noticed an oklob plant
  4354 | D:4      | Reached skill level 5 in Spellcasting
  4580 | D:4      | Reached XP level 6. HP: 26/32 MP: 15/15
  4747 | D:4      | Learned a level 4 spell: Olgreb's Toxic Radiance
  4789 | D:5      | Entered Level 5 of the Dungeon
  5507 | D:5      | Found Iralyim's Distillery.
  5597 | D:5      | Reached skill level 5 in Fire Magic
  6431 | D:5      | Found a basalt altar of Yredelemnul.
  6520 | D:5      | Reached XP level 7. HP: 36/36 MP: 17/17
  6565 | D:5      | Found a glowing silver altar of Zin.
  6566 | D:5      | Found a white marble altar of Elyvilon.
  6569 | D:5      | Found a glowing golden altar of the Shining One.
  7247 | D:6      | Reached skill level 6 in Spellcasting
  7507 | D:6      | Noticed Blork the orc
  7513 | D:6      | Killed Blork the orc
  7541 | D:6      | Identified the +5 rapier of the Lame Duck {elec, rF+ Str+7}
  7549 | D:6      | Noticed Duvessa
  7549 | D:6      | Noticed Dowan
  7568 | D:6      | Noticed Eustachio
  7569 | D:6      | Killed Duvessa
  7578 | D:6      | Killed Dowan
  7579 | D:6      | Reached skill level 5 in Conjurations
  8005 | D:6      | Killed Eustachio
  8006 | D:6      | Reached XP level 8. HP: 35/41 MP: 14/20
  8368 | D:6      | Found a broken altar of Ashenzari.
  8390 | D:6      | Noticed Edmund
  8403 | D:6      | Killed Edmund
  8404 | D:6      | Reached skill level 7 in Spellcasting
  9359 | D:7      | Reached skill level 5 in Poison Magic
 10005 | D:7      | Found an ornate altar of the Wu Jian Council.
 10019 | D:7      | Reached skill level 8 in Spellcasting
 10025 | D:7      | Learned a level 4 spell: Flame Wave
 10484 | D:7      | Found a staircase to the Ecumenical Temple.
 10780 | Temple   | Entered the Ecumenical Temple
 11017 | D:7      | Reached XP level 9. HP: 35/45 MP: 23/23
 11090 | D:7      | Found a hide-covered altar of Uskayaw.
 11117 | D:7      | Found a runed translucent door.
 11117 | D:7      | Noticed catamaransam's ghost (novice TrHu)
 11195 | D:7      | HP: 1/45 [poisoned by a kobold brigand (curare-tipped
                  | dart)]
 11195 | D:7      | Asphyxiated

Illustrated notes

Levels and vault maps discovered:
D:1:      psy_arrival_basics, layout_loops_ring
D:2:      layout_loops_ring, uniq_robin
D:3:      layout_rooms, tgw_fedhas
D:4:      layout_rooms
D:5:      layout_rooms, good_gods_temple_1,
          mainiacjoe_overflow_concentric_impassable, serial_shops, shop
D:6:      layout_loops_corners, ashenzari_altar_1, hangedman_decor_peaks_small,
          uniq_edmund, uniq_eustachio, uniq_duvessa, uniq_blork_the_orc
D:7:      layout_loops_corners, overflow_temple_1_default,
          general_overflow_altar, temple_pool_b, gammafunk_ghost_grave
Temple:   compressed_dpeg_circular_temple

Skill      XL: |  1  2  3  4  5  6  7  8 |
---------------+-------------------------+-----
Conjurations   | 2 3 4 5 6 |  6.2
Fire Magic     | 4 5 6 7 |  7.1
Spellcasting   | 4 5 6 8 |  8.0
Poison Magic   | 1 2 3 4 6 |  6.7
Dodging        | |  2.4
Stealth        | |  2.4

Action                   |  1- 3 |  4- 6 |  7- 9 || total
-------------------------+-------+-------+-------++-------
Melee: Unarmed           |       |     1 |       ||     1
       Rapier            |       |       |     8 ||     8
 Cast: Foxfire           |   116 |   115 |    84 ||   315
       Scorch            |     4 |    24 |    46 ||    74
       Conjure Flame     |       |     3 |     9 ||    12
       Poisonous Vapours |       |       |     4 ||     4
       Olgreb's Toxic Ra |       |       |     1 ||     1
  Use: Potion            |       |       |     1 ||     1
Armor: Robe              |     3 |     8 |    26 ||    37
Dodge: Dodged            |     4 |    13 |    52 ||    69
